 Dungeon Sprint DCSS version 0.26-a0-846-gcc8f1ee719 (webtiles) character file.

Game seed: 16011156674822414866

430 rocky1 the Earth Mage (level 6, 0/32 HPs)
             Began as a Gargoyle Earth Elementalist on Nov 20, 2020.
             Was a High Priest of Sif Muna.
             Slain by a two-headed ogre
             ... wielding a +0 giant club
              (26 damage)
             ... in the Dungeon (Sprint VII: "The Pits").
             The game lasted 00:02:53 (671 turns).

rocky1 the Earth Mage (Gargoyle Earth Elementalist)  Turns: 671, Time: 00:02:54

Health: 0/32       AC:  6    Str: 12    XL:     6   Next: 99%
Magic:  8/11       EV: 12    Int: 17    God:    Sif Muna [*****.]
Gold:   0          SH:  0    Dex: 10    Spells: 3/11 levels left

rFire    . . .     SeeInvis .   m - +2 mace (protect)
rCold    . . .     Faith    .   (no shield)
rNeg     + . .     Spirit   .   c - +0 robe
rPois    ∞         Reflect  .   (no helmet)
rElec    +         Harm     .   (no cloak)
rCorr    .         Rampage  .   (no gloves)
MR       .....     NoTele   +   (no boots)
Stlth    ++........             (no amulet)
HPRegen  0.10/turn              (no ring)
MPRegen  0.12/turn              (no ring)

@: no status effects
A: negative energy resistance 1, electricity resistance, unbreathing,
petrification resistance, rot immunity, AC +4
a: Channel Magic, Forget Spell, Divine Exegesis, Renounce Religion


You were in the Dungeon.
You worshipped Sif Muna.
Sif Muna was extremely pleased with you.
You visited 1 branch

Inventory:

Hand Weapons
 m - a +2 mace of protection (weapon)
 n - a +3 vorpal mace
Missiles
 b - 15 stones (quivered)
Armour
 c - a +0 robe (worn)
 o - a +3 ring mail
Scrolls
 i - a scroll of blinking
 j - 3 scrolls of remove curse
 k - 5 scrolls of amnesia
 l - a scroll of summoning
Potions
 a - 2 potions of invisibility
 d - 6 potions of curing
 e - 6 potions of heal wounds
 f - a potion of haste
 g - 3 potions of magic
 h - 3 potions of berserk rage


   Skills:
 - Level 1.5 Dodging
 - Level 2.1 Stealth
 + Level 3.3 Spellcasting
 + Level 3.0 Conjurations
 + Level 2.4 Transmutations
 + Level 15.0 Earth Magic
 + Level 3.0 Invocations


You had 3 spell levels left.
You knew the following spells:

 Your Spells              Type           Power        Failure   Level
a - Sandblast             Erth           ######       1%          1
b - Stone Arrow           Conj/Erth      ####..       1%          3
c - Petrify               Tmut/Erth      ####....     4%          4

Your spell library contained the following spells:

 Spells                   Type           Power        Failure   Level
 Passwall                 Tmut/Erth      ####....     1%          2
 Animate Skeleton         Necr           #.....       17%         1
 Corpse Rot               Necr/Air       N/A          26%         2
 Lee's Rapid Deconstruct  Erth           ######....   1%          5
 Summon Lightning Spire   Summ/Air       #.......     86%         4
 Agony                    Necr           #.......     99%         5


Dungeon Overview and Level Annotations

Branches:
Dungeon (1/1)

Altars:
Ashenzari
Cheibriados
Dithmenos
Elyvilon
Fedhas
Gozag
Hepliaklqana
Kikubaaqudgha
Makhleb
Nemelex Xobeh
Okawaru
Qazlal
Ru
Sif Muna
Trog
Uskayaw
Vehumet
Wu Jian
Xom
Yredelemnul
Zin
The Shining One
Beogh
Jiyva
Lugonu


Innate Abilities, Weirdness & Mutations

You are resistant to torment.
Your stone body is resilient. (AC +4)
You are immune to poison.
You resist negative energy. (rN+)
You are resistant to electric shocks. (rElec)
You can survive without breathing.
You are immune to petrification.
You are immune to rotting.


Message History

Confirm with . or Enter, or press ? or * to list all spells.
Aiming: Sandblast (safe; 1% risk of failure)
Press: ? - help, Shift-Dir - straight line, f/p - two-headed ogre
Aim: a two-headed ogre, wielding two +0 giant clubs The blast of sand hits the two-headed ogre!!
The two-headed ogre is moderately wounded.
b - 16 stones Unknown command.
Casting: Sandblast (safe; 1% risk of failure)
Confirm with . or Enter, or press ? or * to list all spells.
Aiming: Sandblast (safe; 1% risk of failure)
Press: ? - help, Shift-Dir - straight line, f/p - two-headed ogre
Aim: a two-headed ogre, wielding two +0 giant clubs (moderately wounded)
The blast of sand hits the two-headed ogre!
The two-headed ogre is severely wounded.
b - 15 stones The two-headed ogre closely misses you.
The two-headed ogre hits you with a +0 giant club!!
Ouch! That really hurt!
You die...

#.#..[)))..##.......#
#'###########.......#
#.......# #########
#...#...# #†..#...#
#.##.##.#+#
#...#...#.+
#...#...#O#
#.......'@#
###########


You could see a two-headed ogre.

Vanquished Creatures
  A warg (D)
  A floating eye (D)
  An ice beast (D)
  An orc priest (D)
  A gnoll shaman (D)
  5 gnolls (D)
  A worm (D)
  A giant cockroach (D)
  A goblin (D)
  A quokka (D)
  A ball python (D)
  2 bats (D)
  A quokka skeleton (D)
  2 rats (D)
20 creatures vanquished.

Notes
Turn   | Place    | Note
-------+----------+-------------------------------------------
     0 | D        | rocky1 the Gargoyle Earth Elementalist began the quest for
                  | the Orb.
     0 | D        | Reached XP level 1. HP: 10/10 MP: 3/3
    44 | D        | Reached skill level 4 in Earth Magic
    58 | D        | Found a bloodstained altar of Trog.
    58 | D        | Found a shimmering blue altar of Sif Muna.
    58 | D        | Found a viscous altar of Jiyva.
    58 | D        | Found a hazy altar of Hepliaklqana.
    58 | D        | Found an opulent altar of Gozag.
    86 | D        | Found a glowing golden altar of the Shining One.
    86 | D        | Found a glowing silver altar of Zin.
    86 | D        | Found a basalt altar of Yredelemnul.
    86 | D        | Found a shimmering altar of Xom.
    86 | D        | Found an ornate altar of the Wu Jian Council.
    86 | D        | Found a sacrificial altar of Ru.
    86 | D        | Found a stormy altar of Qazlal.
    86 | D        | Found an iron altar of Okawaru.
    86 | D        | Found a sparkling altar of Nemelex Xobeh.
    86 | D        | Found a burning altar of Makhleb.
    86 | D        | Found a blossoming altar of Fedhas.
    86 | D        | Found a white marble altar of Elyvilon.
    86 | D        | Found a shadowy altar of Dithmenos.
    86 | D        | Found a snail-covered altar of Cheibriados.
    88 | D        | Found a radiant altar of Vehumet.
    88 | D        | Found a corrupted altar of Lugonu.
    88 | D        | Found a roughly hewn altar of Beogh.
    89 | D        | Found a hide-covered altar of Uskayaw.
    89 | D        | Found an ancient bone altar of Kikubaaqudgha.
    89 | D        | Found a broken altar of Ashenzari.
    91 | D        | Became a worshipper of Sif Muna the Loreminder
   213 | D        | Noticed a floating eye
   214 | D        | Paralysed by a floating eye for 2 turns
   219 | D        | Killed a floating eye
   220 | D        | Reached skill level 11 in Earth Magic
   220 | D        | Reached XP level 2. HP: 15/15 MP: 5/5
   220 | D        | Reached XP level 3. HP: 19/19 MP: 6/6
   220 | D        | Reached XP level 4. HP: 24/24 MP: 7/7
   229 | D        | Reached * piety under Sif Muna
   334 | D        | Learned a level 3 spell: Stone Arrow
   338 | D        | Reached XP level 5. HP: 28/28 MP: 6/8
   457 | D        | Reached ** piety under Sif Muna
   514 | D        | Learned a level 4 spell: Petrify
   529 | D        | Noticed an ice beast
   529 | D        | Noticed a warg
   536 | D        | Reached *** piety under Sif Muna
   537 | D        | Reached skill level 12 in Earth Magic
   543 | D        | Reached skill level 13 in Earth Magic
   544 | D        | Reached **** piety under Sif Muna
   549 | D        | Killed an ice beast
   550 | D        | Reached skill level 14 in Earth Magic
   550 | D        | Reached XP level 6. HP: 32/32 MP: 3/9
   617 | D        | Killed a warg
   618 | D        | Reached skill level 15 in Earth Magic
   649 | D        | Reached ***** piety under Sif Muna
   649 | D        | Identified Xoedoemidd's Almanac of Doomed Flight (Sif Muna
                  | gifted it to you in the Dungeon)
   649 | D        | Received a gift from Sif Muna
   668 | D        | Noticed a two-headed ogre
   671 | D        | Slain by a two-headed ogre

Illustrated notes

Levels and vault maps discovered:
D:        pitsprint [storerooms_1, entrance_room_1, metal_vault_3, armoury_2,
          mini_pit_1, grid_room_1, main_hall_1, silver_pit, the_coven_2,
          the_vestibule_1, steel_vault_2, golden_pit, hallway_of_sentries,
          crystal_vault_3, iron_vault_1, final_vault]

Skill      XL: |  1  2  3  4  5  6 |
---------------+-------------------+-----
Earth Magic    | 11 14 15 | 15.0
Spellcasting   | 3 |  3.3
Conjurations   | 3 |  3.0
Transmutations | 2 |  2.4
Invocations    | 3 |  3.0
Dodging        | |  1.5
Stealth        | |  2.1

Action                   |  1- 3 |  4- 6 || total
-------------------------+-------+-------++-------
Melee: Unarmed           |    23 |       ||    23
       Mace              |     5 |    22 ||    27
 Cast: Sandblast         |       |    25 ||    25
  Use: Potion            |       |     1 ||     1
 Stab: Sleeping          |     1 |       ||     1
Armor: Robe              |    20 |    11 ||    31
Dodge: Dodged            |    23 |    28 ||    51

Table legend: (Time is in decaauts)
 A = Elapsed time spent in this place.
 B = Non-inter-level travel time spent in this place.
 C = Inter-level travel time spent in this place.
 D = Time resting spent in this place.
 E = Time spent auto-exploring this place.
 F = Levels seen in this place.
 G = Mean time per level.
                   A        B        C        D        E       F      G
               +--------+--------+--------+--------+--------+-----+--------+
         Total |    681 |    681 |      0 |    395 |      0 |   1 |  681.0 |
       Dungeon |    681 |    681 |      0 |    395 |      0 |   1 |  681.0 |
               +--------+--------+--------+--------+--------+-----+--------+

Top non-repeatable levels by time:
       D: 681 daAuts
